 Dungeon Crawl Stone Soup version 0.12.2-22-g286eab9 (webtiles) character file.

291 Gabry the Covered (level 5, 0/46 HPs)
             Began as a Minotaur Fighter on Aug 27, 2013.
             Slain by a worker ant (4 damage)
             ... on Level 4 of the Dungeon.
             The game lasted 00:10:50 (2199 turns).

Gabry the Covered (Minotaur Fighter)                Turns: 2199, Time: 00:10:50

HP   0/46        AC 11     Str 22      XL: 5   Next: 16%
MP  10/10        EV  5     Int  9      God:
Gold 133         SH 19     Dex  9      Spells:  0 memorised,  4 levels left

Res.Fire  : . . .   See Invis. : .   a - +0 mace
Res.Cold  : . . .   Warding    : .   n - +0 chain mail
Life Prot.: . . .   Conserve   : .   c - +0 shield
Res.Poison: .       Res.Corr.  : .   (helmet restricted)
Res.Elec. : .       Clarity    : .   e - +2 cloak
Sust.Abil.: . .     Spirit.Shd : .   (no gloves)
Res.Mut.  : .       Stasis     : .   (no boots)
Res.Rott. : .       Ctrl.Telep.: .   (no amulet)
Saprovore : . . .   Flight     : .   s - ring of magical power
                                     b - +4 ring of intelligence

@: slightly resistant to hostile enchantments, extremely unstealthy
A: retaliatory headbutt, horns 2
a: no special abilities


You were on level 4 of the Dungeon.
You were not hungry.

You visited 1 branch of the dungeon, and saw 4 of its levels.

You collected 113 gold pieces.

Inventory:

Hand weapons
 a - a +0,+0 mace (weapon)
 m - a +0,+0 orcish dagger (quivered)
Armour
 c - a +0 shield (worn)
 e - a +2 cloak (worn)
 n - a +0 chain mail (worn)
Comestibles
 d - 5 bread rations
 i - 2 meat rations
Scrolls
 g - 5 scrolls of remove curse {unknown}
 h - a scroll of recharging {unknown}
 j - a scroll of enchant armour {unknown}
 k - 2 scrolls of noise {unknown}
 l - a scroll of amnesia {unknown}
 p - 2 scrolls of identify {unknown}
 t - a scroll of enchant weapon I {unknown}
 u - a scroll of fear {unknown}
Jewellery
 b - a +4 ring of intelligence (left hand)
 s - a ring of magical power (right hand)
Potions
 f - a potion of mutation {unknown}
 o - a potion of brilliance {unknown}
 q - 2 potions of curing {unknown}
 r - 2 potions of speed {unknown}
 v - a potion of might {unknown}


   Skills:
 + Level 4.0 Fighting
 + Level 3.2 Maces & Flails
 + Level 5.0 Armour
 + Level 1.6 Dodging
 + Level 0.3 Stealth
 + Level 4.7 Shields
 + Level 0.8 Traps


You had 4 spell levels left.
You didn't know any spells.

Dungeon Overview and Level Annotations

Branches:
Dungeon (4/27)
 Temple: D:4-7

Altars:
Nemelex Xobeh

Annotations
D:3 Edmund
D:4 Sigmund


Innate Abilities, Weirdness & Mutations

You reflexively headbutt those who attack you in melee.
You have a pair of horns on your head.


Message History

* * * LOW HITPOINT WARNING * * *
A worker ant comes into view.
The worker ant twitches its antennae in your direction.
Sigmund mumbles some strange words.
Sigmund flickers and vanishes!
Deactivating autopickup; reactivate with Ctrl-A.
The worker ant barely misses you.
The worker ant waves its antennae.
You hit the rat.
You kill the rat!
The worker ant bites you but does no damage.
You hit the worker ant. Your headbutt misses the worker ant.
The worker ant is moderately wounded.
The worker ant bites you.
* * * LOW HITPOINT WARNING * * *
You hit the worker ant.
The worker ant is severely wounded.
The worker ant waves its antennae.
The worker ant bites you.
You die...

###############
#.............### .#
#=.....%...<
####.####.######.###
#.a@.......# .....
##.##.#.##..#
#.#.###
#######...#.# #..#
#.#.# ..........#.#
#..# # #.#
#######...#.# #...
#.# #..##.# #.## #.#
#.....# #.# #.#
#...#### #.#..


You could see a worker ant.

Vanquished Creatures
  A worker ant (D:3)
  7 adders
  A giant mite (D:3)
  4 giant geckos
  An orc (D:3)
  2 ball pythons
  8 giant cockroaches
  4 goblins
  6 hobgoblins
  A quokka (D:3)
  4 bats
  4 giant newts
  12 kobolds
  9 rats
64 creatures vanquished.

Vanquished Creatures (others)
  A rat (D:2)
1 creature vanquished.

Grand Total: 65 creatures vanquished

Notes
Turn   | Place    | Note
--------------------------------------------------------------
     0 | D:1      | Gabry, the Minotaur Fighter, began the quest for the Orb.
     0 | D:1      | Reached XP level 1. HP: 19/19 MP: 0/0
    97 | D:1      | Found a sparkling altar of Nemelex Xobeh.
   226 | D:1      | Reached XP level 2. HP: 24/26 MP: 0/0
   502 | D:1      | Reached skill level 4 in Shields
   542 | D:2      | Reached XP level 3. HP: 25/33 MP: 1/1
   785 | D:2      | Reached skill level 1 in Dodging
  1212 | D:2      | Reached XP level 4. HP: 40/40 MP: 1/1
  1935 | D:4      | Noticed Edmund
  1962 | D:3      | Reached skill level 5 in Armour
  1962 | D:3      | Reached XP level 5. HP: 14/46 MP: 1/1
  2189 | D:4      | Noticed Sigmund
  2199 | D:4      | Slain by a worker ant

Action                   |  1- 3 |  4- 6 || total
-------------------------+-------+-------++-------
Melee: Mace              |    85 |   105 ||   190
